XFBL
MONTREAL EXPOS @ PITTSBURGH PIRATES
07/03/1982
 
TOP OF THE 1ST
Montreal Expos batting - Pitching for Pittsburgh Pirates : LHP Juan Agosto
Pitching: LHP Juan Agosto
Batting: LHB Duane Walker 0-0: Ball
1-0: Foul Ball, location: 2F
1-1: Fly out, F7 (Flyball, 7, EV 89.4 MPH)
Batting: SHB Garry Templeton 0-0: Ball
1-0: Foul Ball, location: 2F
1-1: Called Strike
1-2: Ground out 6-3 (Groundball, 6, EV 80.6 MPH)
Batting: LHB Kirk Gibson 0-0: Ball
1-0: Called Strike
1-1: Called Strike
1-2: Ball
2-2: Foul Ball, location: 2F
2-2: Foul Ball, location: 2F
2-2: Foul Ball, location: 2F
2-2: Foul Ball, location: 2F
2-2: SOLO HOME RUN (Flyball, 9D, EV 101.9 MPH), Distance : 380 ft
Batting: RHB Dale Murphy 0-0: Called Strike
0-1: Ball
1-1: Foul Ball, location: 2F
1-2: Ball
2-2: Ball
3-2: Base on Balls
Batting: RHB Dave Winfield 0-0: Called Strike
0-1: Swinging Strike
0-2: Ball
1-2: Ball
2-2: Ball
3-2: Strikes out swinging
Top of the 1st over - 1 run, 1 hit, 0 errors, 1 left on base; Montreal 1 - Pittsburgh 0
BOTTOM OF THE 1ST
Pittsburgh Pirates batting - Pitching for Montreal Expos : LHP Frank Tanana
Pitching: LHP Frank Tanana
Batting: RHB Dan Gladden 0-0: Called Strike
0-1: Swinging Strike
0-2: SINGLE (Groundball, 4MD, EV 94.4 MPH)
Batting: SHB Chili Davis 0-0: Ball
1-0: SINGLE (Groundball, 56S, EV 64.4 MPH) (infield hit)
Dan Gladden to second
Batting: RHB Rennie Stennett 0-0: Called Strike
Dan Gladden steals 3rd base
Chili Davis to second
0-1: Swinging Strike
0-2: Ball
1-2: Ball
2-2: Fly out, F4 (Popup, 4D, EV 56.9 MPH)
Batting: RHB Mike C Brown 0-0: Ball
1-0: DOUBLE (Line Drive, 78D, EV 105.6 MPH)
Dan Gladden scores
Chili Davis scores
Batting: LHB Greg Walker 0-0: Ball
1-0: SINGLE (Flyball, 3D, EV 99.4 MPH)
Mike C Brown to third
Runner from 3rd tries for Home, SAFE, throw by RF to home
Batting: SHB John Shelby 0-0: Called Strike
0-1: Ball
1-1: Ball
2-1: Ball
3-1: Base on Balls
Greg Walker to second
Batting: SHB Ron Oester 0-0: Swinging Strike
0-1: Ball
1-1: Fielders Choice at 2nd, 6-4 (Groundball, 6M, EV 80.6 MPH)
Greg Walker to third
Batting: LHB Alex Campos 0-0: Ball
1-0: Ball
2-0: SINGLE (Groundball, 34D, EV 105.6 MPH)
Greg Walker scores
Ron Oester to second
Runner from 2nd tries for 3rd, SAFE, no throw by RF
Batting: LHB Juan Agosto 0-0: Called Strike
0-1: Ball
1-1: SINGLE (Line Drive, 7S, EV 95.0 MPH)
Ron Oester scores
Alex Campos to second
Batting: RHB Dan Gladden 0-0: Ball
1-0: Called Strike
1-1: Foul Ball, location: 2F
1-2: Foul Ball, location: 2F
1-2: Ball
2-2: Foul Ball, location: 2F
2-2: Reached on error, E4 (Groundball, 34, EV 85.0 MPH)
Alex Campos to third
Juan Agosto to second
Batting: SHB Chili Davis 0-0: Called Strike
0-1: Ball
1-1: Ball
2-1: Foul Ball, location: 2F
2-2: Foul Ball, location: 2F
2-2: Foul Ball, location: 2F
2-2: Foul Ball, location: 2F
2-2: Foul Ball, location: 2F
2-2: Ground out U3 (Groundball, 3S, EV 88.1 MPH)
Bottom of the 1st over - 5 runs, 6 hits, 1 error, 3 left on base; Montreal 1 - Pittsburgh 5
TOP OF THE 2ND
Montreal Expos batting - Pitching for Pittsburgh Pirates : LHP Juan Agosto
Batting: LHB Guonçalo Fernandes 0-0: Foul Ball, location: 2F
0-1: Foul Ball, location: 2F
0-2: Ball
1-2: Ball
2-2: Foul Ball, location: 2F
2-2: Foul Ball, location: 2F
2-2: Foul Ball, location: 2F
2-2: Foul Ball, location: 2F
2-2: Ball
3-2: SINGLE (Flyball, 78S, EV 91.3 MPH) - OUT at second base trying to stretch hit.
Batting: LHB Ernesto Quevedo 0-0: Called Strike
0-1: Ground out U3 (Groundball, 34, EV 92.5 MPH)
Batting: SHB Biff Pocoroba 0-0: Ball
1-0: Called Strike
1-1: Called Strike
1-2: Ball
2-2: Fly out, F8 (Flyball, 89M, EV 73.8 MPH)
Top of the 2nd over - 0 runs, 1 hit, 0 errors, 0 left on base; Montreal 1 - Pittsburgh 5
BOTTOM OF THE 2ND
Pittsburgh Pirates batting - Pitching for Montreal Expos : LHP Frank Tanana
Batting: RHB Rennie Stennett 0-0: Ball
1-0: Ball
2-0: Fly out, F8 (Flyball, 8LM, EV 83.8 MPH)
Batting: RHB Mike C Brown 0-0: Ball
1-0: Called Strike
1-1: Ball
2-1: Foul Ball, location: 2F
2-2: Ball
3-2: Foul Ball, location: 2F
3-2: Foul Ball, location: 2F
3-2: Foul Ball, location: 2F
3-2: Base on Balls
Batting: LHB Greg Walker 0-0: Ball
1-0: Called Strike
1-1: Fly out, F7 (Flyball, 7S, EV 71.3 MPH)
Batting: SHB John Shelby 0-0: Ball
1-0: Called Strike
1-1: Foul Ball, location: 2F
1-2: Foul Ball, location: 2F
1-2: Ball
2-2: Foul Ball, location: 2F
2-2: Strikes out looking
Bottom of the 2nd over - 0 runs, 0 hits, 0 errors, 1 left on base; Montreal 1 - Pittsburgh 5
TOP OF THE 3RD
Montreal Expos batting - Pitching for Pittsburgh Pirates : LHP Juan Agosto
Batting: LHB Frank Tanana 0-0: Foul Ball, location: 2F
0-1: Ball
1-1: Ball
2-1: Hit by Pitch
Batting: LHB Duane Walker 0-0: Ball
1-0: Swinging Strike
1-1: Called Strike
1-2: Ball
2-2: Foul Ball, location: 2F
2-2: Foul Ball, location: 2F
2-2: Ball
3-2: Base on Balls
Frank Tanana to second
Batting: SHB Garry Templeton 0-0: Grounds into double play, 5-4-3 (Groundball, 5, EV 81.9 MPH)
Frank Tanana to third
Batting: LHB Kirk Gibson 0-0: Foul Ball, location: 2F
0-1: Swinging Strike
0-2: Ball
1-2: Fly out, F9 (Line Drive, 9S, EV 105.0 MPH)
Top of the 3rd over - 0 runs, 0 hits, 0 errors, 1 left on base; Montreal 1 - Pittsburgh 5
BOTTOM OF THE 3RD
Pittsburgh Pirates batting - Pitching for Montreal Expos : LHP Frank Tanana
Batting: SHB Ron Oester 0-0: Ball
1-0: Ball
2-0: Fly out, F8 (Flyball, 8LD, EV 101.9 MPH)
Batting: LHB Alex Campos 0-0: Called Strike
0-1: Ground out 1-3 (Groundball, 13S, EV 70.6 MPH)
Batting: LHB Juan Agosto 0-0: Ground out 4-3 (Groundball, 4, EV 103.1 MPH)
Bottom of the 3rd over - 0 runs, 0 hits, 0 errors, 0 left on base; Montreal 1 - Pittsburgh 5
TOP OF THE 4TH
Montreal Expos batting - Pitching for Pittsburgh Pirates : LHP Juan Agosto
Batting: RHB Dale Murphy 0-0: Foul Ball, location: 2F
0-1: Ball
1-1: Ball
2-1: Fly out, F8 (Flyball, 8LM, EV 91.9 MPH)
Batting: RHB Dave Winfield 0-0: Ball
1-0: Reached on error, E5 (Groundball, 56, EV 85.6 MPH)
Batting: LHB Guonçalo Fernandes 0-0: Ball
1-0: Ball
2-0: Called Strike
2-1: Fielders Choice at 2nd, 4-6 (Groundball, 4M, EV 106.3 MPH)
Batting: LHB Ernesto Quevedo 0-0: Called Strike
0-1: Called Strike
0-2: Ball
1-2: Ball
Guonçalo Fernandes steals 2nd base (no throw)
2-2: Strikes out swinging
Top of the 4th over - 0 runs, 0 hits, 1 error, 1 left on base; Montreal 1 - Pittsburgh 5
BOTTOM OF THE 4TH
Pittsburgh Pirates batting - Pitching for Montreal Expos : LHP Frank Tanana
Batting: RHB Dan Gladden 0-0: SINGLE (Groundball, 4D, EV 106.9 MPH)
Batting: SHB Chili Davis 0-0: Called Strike
0-1: Foul Ball, location: 2F
0-2: Foul Ball, location: 2F
0-2: Ball
1-2: Ball
2-2: Ball
3-2: Base on Balls
Dan Gladden to second
Batting: RHB Rennie Stennett 0-0: Ball
1-0: Ball
2-0: Called Strike
2-1: SINGLE (Groundball, 6D, EV 93.8 MPH)
Dan Gladden to third
Chili Davis to second
Runner from 3rd tries for Home, SAFE, throw by CF to home
Pitching: LHP Roy Scott
Batting: RHB Mike C Brown 0-0: Ball
1-0: Ball
2-0: Swinging Strike
2-1: Fly out, F7 (Line Drive, 7D, EV 96.9 MPH)
Batting: LHB Greg Walker 0-0: Called Strike
0-1: Ball
1-1: Swinging Strike
1-2: Foul Ball, location: 2F
1-2: Fly out, F8 (Line Drive, 8RD, EV 83.8 MPH)
Batting: SHB John Shelby 0-0: Ball
1-0: Ball
2-0: Ball
3-0: Called Strike
3-1: Ground out 6-3 (Groundball, 56, EV 103.8 MPH)
Bottom of the 4th over - 1 run, 2 hits, 0 errors, 2 left on base; Montreal 1 - Pittsburgh 6
TOP OF THE 5TH
Montreal Expos batting - Pitching for Pittsburgh Pirates : LHP Juan Agosto
Batting: SHB Biff Pocoroba 0-0: Ground out 1-3 (Groundball, 34S, EV 63.8 MPH)
Batting: LHB Roy Scott 0-0: Ball
1-0: Ball
2-0: SINGLE (Line Drive, 78S, EV 100.6 MPH)
Batting: LHB Duane Walker 0-0: Called Strike
0-1: Foul Ball, location: 2F
0-2: Ball
1-2: Ball
2-2: Foul Ball, location: 2F
2-2: Strikes out swinging
Batting: SHB Garry Templeton 0-0: Fly out, F8 (Line Drive, 8RD, EV 90.0 MPH)
Top of the 5th over - 0 runs, 1 hit, 0 errors, 1 left on base; Montreal 1 - Pittsburgh 6
BOTTOM OF THE 5TH
Pittsburgh Pirates batting - Pitching for Montreal Expos : LHP Roy Scott
Batting: SHB Ron Oester 0-0: Ball
1-0: Fly out, F8 (Flyball, 78D, EV 95.0 MPH)
Batting: LHB Alex Campos 0-0: Called Strike
0-1: Ball
1-1: Swinging Strike
1-2: Strikes out looking
Batting: LHB Juan Agosto 0-0: Ball
1-0: Ground out 4-3 (Groundball, 4, EV 99.4 MPH)
Bottom of the 5th over - 0 runs, 0 hits, 0 errors, 0 left on base; Montreal 1 - Pittsburgh 6
TOP OF THE 6TH
Montreal Expos batting - Pitching for Pittsburgh Pirates : LHP Juan Agosto
Batting: LHB Kirk Gibson 0-0: Called Strike
0-1: Ball
1-1: Ball
2-1: Foul Ball, location: 2F
2-2: Ball
3-2: Fly out, F8 (Line Drive, 8RM, EV 90.6 MPH)
Batting: RHB Dale Murphy 0-0: Called Strike
0-1: Foul Ball, location: 2F
0-2: Ball
1-2: Ball
2-2: Strikes out looking
Batting: RHB Dave Winfield 0-0: Ball
1-0: Ground out 6-3 (Groundball, 6, EV 110.0 MPH)
Top of the 6th over - 0 runs, 0 hits, 0 errors, 0 left on base; Montreal 1 - Pittsburgh 6
BOTTOM OF THE 6TH
Pittsburgh Pirates batting - Pitching for Montreal Expos : LHP Roy Scott
Batting: RHB Dan Gladden 0-0: Ball
1-0: Called Strike
1-1: Ball
2-1: Fly out, F7 (Line Drive, 7, EV 85.6 MPH)
Batting: SHB Chili Davis 0-0: Ball
1-0: Ball
2-0: Swinging Strike
2-1: Ball
3-1: Called Strike
3-2: Ground out 5-3 (Groundball, 56, EV 85.6 MPH)
Batting: RHB Rennie Stennett 0-0: Ball
1-0: Ball
2-0: Ball
3-0: Base on Balls
Batting: RHB Mike C Brown 0-0: Ball
1-0: Fly out, F8 (Line Drive, 8LD, EV 88.1 MPH)
Bottom of the 6th over - 0 runs, 0 hits, 0 errors, 1 left on base; Montreal 1 - Pittsburgh 6
TOP OF THE 7TH
Montreal Expos batting - Pitching for Pittsburgh Pirates : LHP Juan Agosto
Batting: LHB Guonçalo Fernandes 0-0: Called Strike
0-1: Ball
1-1: Ball
2-1: Foul Ball, location: 2F
2-2: Foul Ball, location: 2F
2-2: Foul Ball, location: 2F
2-2: Foul Ball, location: 2F
2-2: DOUBLE (Groundball, 5L, EV 101.9 MPH)
Batting: LHB Ernesto Quevedo 0-0: Called Strike
0-1: Ball
1-1: Ball
2-1: Called Strike
2-2: Ball
3-2: Fly out, F7 (Flyball, 78D, EV 99.4 MPH)
Batting: SHB Biff Pocoroba 0-0: Ball
1-0: Ball
2-0: Ball
3-0: Foul Ball, location: 2F
3-1: Base on Balls
Pinch Hitting: RHB Philip Klimas 0-0: Called Strike
0-1: DOUBLE (Groundball, 5L, EV 98.8 MPH)
Guonçalo Fernandes scores
Biff Pocoroba to third
Runner from 3rd tries for Home, SAFE, throw by LF to home
Pitching: RHP Mark Lemongello
Batting: LHB Duane Walker 0-0: Called Strike
0-1: Ball
1-1: Ball
2-1: Swinging Strike
2-2: Foul Ball, location: 2F
2-2: Foul Ball, location: 2F
2-2: Foul Ball, location: 2F
2-2: Foul Ball, location: 2F
2-2: Ball
3-2: DOUBLE (Flyball, 8LXD, EV 111.3 MPH)
Philip Klimas scores
Batting: SHB Garry Templeton 0-0: Ball
1-0: Swinging Strike
1-1: Swinging Strike
1-2: SINGLE (Groundball, 6MS, EV 71.9 MPH) (infield hit)
Duane Walker to third
Batting: LHB Kirk Gibson 0-0: Fly out, F8 (Line Drive, 8RD, EV 105.0 MPH)
Runner from 3rd tags up, SCORES, throw by CF
Batting: RHB Dale Murphy 0-0: Ball
1-0: Fielders Choice at 2nd, U6 (Groundball, 6M, EV 99.4 MPH)
Top of the 7th over - 4 runs, 4 hits, 0 errors, 1 left on base; Montreal 5 - Pittsburgh 6
BOTTOM OF THE 7TH
Pittsburgh Pirates batting - Pitching for Montreal Expos : LHP Roy Scott
Pitching: RHP Terry Leach
Batting: LHB Greg Walker 0-0: Called Strike
0-1: Ground out 6-3 (Groundball, 56, EV 102.5 MPH)
Batting: SHB John Shelby 0-0: Called Strike
0-1: Foul Ball, location: 2F
0-2: Ball
1-2: Ball
2-2: Ground out 6-3 (Groundball, 6, EV 83.1 MPH)
Batting: SHB Ron Oester 0-0: Ground out 6-3 (Groundball, 6M, EV 81.3 MPH)
Bottom of the 7th over - 0 runs, 0 hits, 0 errors, 0 left on base; Montreal 5 - Pittsburgh 6
TOP OF THE 8TH
Montreal Expos batting - Pitching for Pittsburgh Pirates : RHP Mark Lemongello
Batting: RHB Dave Winfield 0-0: Called Strike
0-1: Fly out, F8 (Flyball, 8LXD, EV 103.1 MPH)
Batting: LHB Guonçalo Fernandes 0-0: Called Strike
0-1: Ball
1-1: Swinging Strike
1-2: Ball
2-2: Strikes out swinging
Batting: LHB Ernesto Quevedo 0-0: Fly out, F9 (Flyball, 9D, EV 96.3 MPH)
Top of the 8th over - 0 runs, 0 hits, 0 errors, 0 left on base; Montreal 5 - Pittsburgh 6
BOTTOM OF THE 8TH
Pittsburgh Pirates batting - Pitching for Montreal Expos : RHP Terry Leach
Batting: LHB Alex Campos 0-0: Swinging Strike
0-1: Ball
1-1: Foul Ball, location: 2F
1-2: Strikes out looking
Batting: RHB Mark Lemongello 0-0: Foul Ball, location: 2F
0-1: Ball
1-1: Called Strike
1-2: Fly out, F7 (Line Drive, 7, EV 100.6 MPH)
Batting: RHB Dan Gladden 0-0: Ball
1-0: Ball
2-0: Called Strike
2-1: Swinging Strike
2-2: Ground out 4-3 (Groundball, 34, EV 91.9 MPH)
Bottom of the 8th over - 0 runs, 0 hits, 0 errors, 0 left on base; Montreal 5 - Pittsburgh 6
TOP OF THE 9TH
Montreal Expos batting - Pitching for Pittsburgh Pirates : RHP Mark Lemongello
Batting: SHB Biff Pocoroba 0-0: Ball
1-0: SINGLE (Groundball, 5S, EV 71.9 MPH) (infield hit)
Pinch Hitting: RHB Luis Sanchez 0-0: Ball
1-0: Bunt - Flyout to 3S! F3
Batting: LHB Duane Walker 0-0: Foul Ball, location: 2F
0-1: Foul Ball, location: 2F
0-2: Ball
1-2: Ball
2-2: Ball
3-2: Foul Ball, location: 2F
3-2: Fielders Choice at 2nd, 1-4 (Groundball, 15S, EV 73.8 MPH)
Batting: SHB Garry Templeton 0-0: Ball
1-0: Ball
2-0: Called Strike
2-1: Ball
3-1: Fly out, F9 (Line Drive, 9, EV 88.8 MPH)
Top of the 9th over - 0 runs, 1 hit, 0 errors, 1 left on base; Montreal 5 - Pittsburgh 6
Wednesday, August 12th, 2020 - OOTP Baseball 21.5 Build 76